 Dungeon Crawl Stone Soup version 0.26-a0-597-gb535b0901c (webtiles) character file.

Game seed: 10683600914086099457

1304 Eifo4Ohj9gu9Dob0ohLe the Cutter (level 8, -3/72 HPs)
             Began as a Palentonga Abyssal Knight on Aug 25, 2020.
             Was a Priest of Lugonu.
             Slain by an ice beast (12 damage)
             ... on level 6 of the Dungeon.
             The game lasted 00:21:55 (4279 turns).

Eifo4Ohj9gu9Dob0ohLe the Cutter (PaAK)              Turns: 4279, Time: 00:21:57

Health: -3/72      AC: 14    Str: 16    XL:     8   Next: 31%
Magic:  9/9        EV:  6    Int: 17    God:    Lugonu [***...]
Gold:   328        SH:  6    Dex:  9    Spells: 7/7 levels left

rFire    . . .     SeeInvis +   m - +2 short sword (venom)
rCold    . . .     Faith    .   p - +0 kite shield
rNeg     . . .     Spirit   .   e - +0 ring mail
rPois    .         Reflect  .   c - +1 helmet
rElec    .         Harm     .   f - +2 cloak {Stlth+}
rCorr    .                      g - +1 pair of gloves
MR       .....                  (no barding)
Stlth    +.........             (no amulet)
HPRegen  0.22/turn              (no ring)
MPRegen  0.11/turn              (no ring)

@: no status effects
A: large, rugged brown scales 3, see invisible, clever 1, deformed body,
screaming 1, wild magic 1, roll, armoured tail
a: Rolling Charge, Depart the Abyss, Bend Space, Banish, Renounce Religion


You were on level 6 of the Dungeon.
You worshipped Lugonu.
Lugonu was most pleased with you.
You visited 1 branch of the dungeon, and saw 6 of its levels.
You visited the Abyss 1 time.

You collected 328 gold pieces.

Inventory:

Hand Weapons
 a - a +1 short sword
 h - a +1 dagger of electrocution
 m - a +2 short sword of venom (weapon)
Armour
 b - a +0 leather armour
 c - a +1 helmet (worn)
 e - a +0 ring mail (worn)
 f - a +2 cloak of stealth (worn)
 g - a +1 pair of gloves (worn)
 p - a +0 kite shield (worn)
Wands
 i - a wand of disintegration (9)
 l - a wand of iceblast (7)
Scrolls
 d - 8 scrolls of identify
 j - a scroll of immolation {unknown}
 k - a scroll of remove curse
 n - 4 scrolls of teleportation
 o - a scroll of enchant armour
 u - a scroll of noise
Potions
 q - a potion of brilliance
 t - a potion of stabbing


   Skills:
 + Level 5.0 Fighting
 + Level 6.3 Short Blades
 + Level 4.6 Armour
 + Level 3.2 Dodging
 + Level 0.9 Stealth
 + Level 2.3 Invocations


You had 7 spell levels left.
You didn't know any spells.
Your spell library contained the following spells:

 Spells                   Type           Power        Failure   Level
 Magic Dart               Conj           #...         98%         1
 Searing Ray              Conj           #.....       99%         2
 Dazzling Flash           Conj/Hex       #.....       100%        3
 Fulminant Prism          Conj/Hex       #.........   100%        4
 Iskenderun's Mystic Bla  Conj/Tloc      #.......     100%        4


Dungeon Overview and Level Annotations

Branches:
Dungeon (6/15)
 Temple: D:4-7

Altars:
Dithmenos


Innate Abilities, Weirdness & Mutations

You are completely covered in rugged brown scales. (AC +3, +7% HP)
You have supernaturally acute eyesight. (SInv)
Armour fits poorly on your strangely shaped body.
You can roll at foes to attack.
You have a long armoured tail.
Your mind is acute. (Int +2)
You occasionally shout uncontrollably at your foes.
Your spells are a little harder to cast, but a little more powerful.


Message History

The ice beast is heavily wounded.
You block the ice beast's attack.
You hit the ice beast.
The ice beast is severely wounded.
You block the ice beast's attack.
You hit the ice beast but do no damage.
The ice beast is severely wounded.
The ice beast barely misses you.
You hit the ice beast but do no damage.
The ice beast looks as sick as possible!
The ice beast is almost dead.
The ice beast hits you. The ice beast freezes you!
* * * LOW HITPOINT WARNING * * *
Your shield prevents you from hitting the ice beast.
Your tail-slap misses the ice beast.
The ice beast is almost dead.
The ice beast hits you.
* * * LOW HITPOINT WARNING * * *
The ice beast freezes you!
You die...

#........#
#.......Y#
#........#
#........#
#)# #)#
#)# #Y#
#@# #.#
#.# #.#
#.# #.#
#.#
#.#######
#......<#


You could see an ice beast (extremely poisoned).

Vanquished Creatures
  Pikel (D:4)
  Grinder (D:3)
  A sky beast (D:5)
  An ice beast (D:6)
  3 lemures
  A scorpion (D:5)
  A quasit (D:5)
  A hound (D:5)
  4 orc priests
  3 orc wizards
  A worker ant (D:4)
  A hound skeleton (D:5)
  2 adders
  A white imp (D:6)
  An ufetubus (D:5)
  An ooze (D:5)
  An adder skeleton (D:5)
  A worm (D:2)
  3 leopard geckos
  12 orcs
  4 giant cockroaches
  13 goblins
  6 hobgoblins
  12 jackals
  8 kobolds
  2 quokkas (D:5)
  A ball python (D:5)
  6 bats
  2 frilled lizards (D:5)
  4 rats
99 creatures vanquished.

Vanquished Creatures (others)
  A sky beast (D:5)
1 creature vanquished.

Grand Total: 100 creatures vanquished

Notes
Turn   | Place    | Note
-------+----------+-------------------------------------------
     0 | Abyss:1  | Eifo4Ohj9gu9Dob0ohLe the Palentonga Abyssal Knight began
                  | the quest for the Orb.
     0 | Abyss:1  | Reached XP level 1. HP: 20/20 MP: 2/2
    28 | Abyss:1  | Noticed an earth elemental
    49 | Abyss:1  | Noticed a starcursed mass
    58 | D:1      | Escaped the Abyss
   381 | D:1      | Reached XP level 2. HP: 27/27 MP: 3/3
   700 | D:1      | Reached * piety under Lugonu
   755 | D:1      | Reached XP level 3. HP: 33/33 MP: 4/4
  1295 | D:2      | Reached skill level 1 in Dodging
  1547 | D:2      | Gained mutation: You are dopey. (Int -2) [potion of
                  | mutation]
  1547 | D:2      | Gained mutation: You are somewhat resistant to further
                  | mutation. [potion of mutation]
  1549 | D:2      | Lost mutation: You are dopey. (Int -2) [potion of mutation]
  1549 | D:2      | Lost mutation: You are somewhat resistant to further
                  | mutation. [potion of mutation]
  1549 | D:2      | Gained mutation: Your tail ends in a poisonous barb.
                  | [potion of mutation]
  1549 | D:2      | Gained mutation: You have a pair of small horns on your
                  | head. [potion of mutation]
  1549 | D:2      | Gained mutation: Your mind is acute. (Int +2) [potion of
                  | mutation]
  1586 | D:3      | Reached ** piety under Lugonu
  1586 | D:3      | Reached XP level 4. HP: 42/42 MP: 5/5
  2146 | D:3      | Noticed Grinder
  2148 | D:3      | Paralysed by Grinder for 4 turns
  2168 | D:3      | Killed Grinder
  2168 | D:3      | Reached skill level 4 in Short Blades
  2168 | D:3      | Reached XP level 5. HP: 26/49 MP: 6/6
  2488 | D:4      | Reached XP level 6. HP: 50/55 MP: 7/7
  2649 | D:4      | Noticed Pikel
  2660 | D:5      | Entered Level 5 of the Dungeon
  2860 | D:5      | Killed a sky beast
  2910 | D:4      | Killed Pikel
  2910 | D:4      | Reached skill level 5 in Short Blades
  2910 | D:4      | Reached XP level 7. HP: 27/64 MP: 8/8
  2916 | D:4      | Lost mutation: Your tail ends in a poisonous barb. [potion
                  | of mutation]
  2916 | D:4      | Lost mutation: You have a pair of small horns on your head.
                  | [potion of mutation]
  2916 | D:4      | Gained mutation: You occasionally shout uncontrollably at
                  | your foes. [potion of mutation]
  2916 | D:4      | Gained mutation: Your spells are a little harder to cast,
                  | but a little more powerful. [potion of mutation]
  3140 | D:5      | Identified a scroll of acquirement
  3140 | D:5      | Acquired a +2 cloak of stealth
  3550 | D:5      | Found a shadowy altar of Dithmenos.
  3615 | D:5      | Reached XP level 8. HP: 68/71 MP: 9/9
  3683 | D:5      | Reached skill level 6 in Short Blades
  3685 | D:5      | Reached *** piety under Lugonu
  4231 | D:6      | Reached skill level 5 in Fighting
  4279 | D:6      | Slain by an ice beast

Illustrated notes

Levels and vault maps discovered:
D:1:      scummos_arrival_forest, layout_rooms, minmay_unequal
D:2:      layout_basic, minmay_goblin_outpost
D:3:      layout_basic, uniq_grinder
D:4:      layout_basic, minmay_temple_entry_ruins, uniq_pikel
D:5:      cheibrodos_helix_gallery, layout_basic,
          nicolae_dithmenos_shadow_blocks, lemuel_flamethrower_1
D:6:      layout_basic, gammafunk_ghost_stat_death

Skill      XL: |  1  2  3  4  5  6  7  8 |
---------------+-------------------------+-----
Armour         | 2 3 4 |  4.6
Dodging        | 1 2 3 |  3.2
Fighting       | 4 5 |  5.0
Short Blades   | 4 5 6 |  6.3
Stealth        | |  0.9
Invocations    | |  2.3

Action                   |  1- 3 |  4- 6 |  7- 9 || total
-------------------------+-------+-------+-------++-------
Melee: Short sword       |   129 |    81 |   124 ||   334
       Tailslap          |    15 |     8 |    17 ||    40
       Headbutt          |     1 |    11 |       ||    12
Invok: Depart the Abyss  |     1 |       |       ||     1
 Abil: Rolling Charge    |     1 |       |       ||     1
Evoke: Wand              |       |       |     1 ||     1
  Use: Scroll            |     5 |     5 |     1 ||    11
       Potion            |     5 |     2 |     6 ||    13
Armor: Leather armour    |    52 |       |       ||    52
       Ring mail         |    43 |    36 |    80 ||   159
Dodge: Dodged            |    66 |    33 |    63 ||   162
Block: Kite shield       |       |       |    10 ||    10

Table legend: (Time is in decaauts)
 A = Elapsed time spent in this place.
 B = Non-inter-level travel time spent in this place.
 C = Inter-level travel time spent in this place.
 D = Time resting spent in this place.
 E = Time spent auto-exploring this place.
 F = Levels seen in this place.
 G = Mean time per level.
                   A        B        C        D        E       F      G
               +--------+--------+--------+--------+--------+-----+--------+
         Total |   4236 |   4184 |     52 |    783 |   1621 |   7 |  605.1 |
       Dungeon |   4178 |   4126 |     52 |    783 |   1621 |   6 |  696.3 |
         Abyss |     58 |     58 |      0 |      0 |      0 |   1 |   58.0 |
               +--------+--------+--------+--------+--------+-----+--------+

Top non-repeatable levels by time:
     D:5: 1362 daAuts
     D:3: 862 daAuts
     D:1: 802 daAuts
     D:2: 716 daAuts
     D:4: 360 daAuts
     D:6: 74 daAuts
 Abyss:1: 58 daAuts
